 Dungeon Crawl Stone Soup version 0.25.1-1-g288607f5aa (webtiles) character file.

Game seed: 14251619966225987128

100 smrkl the Skirmisher (level 4, 0/44 HPs)
             Began as a Hill Orc Berserker on July 26, 2020.
             Was a Believer of Trog.
             Killed from afar by an orc wizard (4 damage)
             ... with a magic dart
             ... on level 3 of the Dungeon.
             The game lasted 00:08:59 (2230 turns).

smrkl the Skirmisher (Hill Orc Berserker)           Turns: 2230, Time: 00:08:59

Health: 0/44       AC:  7    Str: 20    XL:     4   Next: 74%
Magic:  4/4        EV: 10    Int:  7    God:    Trog [**....]
Gold:   96         SH:  0    Dex: 10    Spells: 3/3 levels left

rFire    . . .     SeeInvis .   o - +0 hand axe
rCold    . . .     Gourm    .   (no shield)
rNeg     . . .     Faith    .   q - +0 scale mail
rPois    .         Spirit   .   (no helmet)
rElec    .         Reflect  .   (no cloak)
rCorr    .         Harm     .   (no gloves)
MR       .....                  r - +0 pair of boots
Stlth    ..........             (no amulet)
HPRegen  0.14/turn              (no ring)
MPRegen  0.09/turn              (no ring)

@: berserk cooldown, slowed, very slow
A: no striking features
a: Berserk, Trog's Hand, Renounce Religion


You were on level 3 of the Dungeon.
You worshipped Trog.
Trog was pleased with you.
You were very hungry.

You visited 1 branch of the dungeon, and saw 3 of its levels.

You collected 96 gold pieces.

Inventory:

Hand Weapons
 o - a +0 hand axe (weapon)
 p - a +0 mace of protection
Armour
 q - a +0 scale mail (worn)
 r - a +0 pair of boots (worn)
Wands
 i - a wand of iceblast (6)
Scrolls
 a - a scroll of amnesia {unknown}
 f - 3 scrolls of blinking {unknown}
 j - a scroll of identify {unknown}
 k - a scroll of magic mapping {unknown}
 m - a scroll of teleportation {unknown}
Potions
 b - 2 potions of haste {unknown}
 e - a potion of invisibility {unknown}
 g - a potion of resistance {unknown}
 h - a potion of ambrosia {unknown}
 l - a potion of lignification {unknown}
 n - a potion of berserk rage {unknown}
Comestibles
 c - 5 rations


   Skills:
 * Level 5.6 Fighting
 + Level 5.2 Axes
 - Level 2.1 Armour
 - Level 1.5 Dodging


You had 3 spell levels left.
You didn't know any spells.
Your spell library was empty.

Dungeon Overview and Level Annotations

Branches:
Dungeon (3/15)

Altars:
Dithmenos
Ru
The Shining One


Message History

The orc wizard blinks!
You are too injured to fight recklessly!
The orc barely misses you.
Things that are here:
a +0 mace; a +0 leather armour; an orc corpse You feel a strong urge to attack something.
You are no longer berserk.
You are exhausted.
You feel as though you will be slow longer.
The orc wizard hits you but does no damage.
The orc completely misses you. The orc wizard misses you.
You hit the orc.
The orc is heavily wounded.
You hit the orc wizard but do no damage.
The orc wizard hits you but does no damage.
The orc hits you with a +0 trident!
* * * LOW HITPOINT WARNING * * *
The orc wizard casts a spell at you. The magic dart hits you.
You die...

#######
#..<..#
#))†..#
#.)@o.#
#.o)..#
#$....#
#.#.###
#.#.#
(..!.
#.#...
#. ##..


You could see an orc wizard (fast) and an orc.

Vanquished Creatures
  2 adders (D:2)
  An ooze (D:1)
  4 worms
  2 dart slugs (D:1)
  4 leopard geckos
  3 orcs (D:3)
  2 giant cockroaches (D:2)
  11 goblins
  3 hobgoblins
  2 jackals (D:2)
  A quokka (D:3)
  2 ball pythons (D:2)
  A bat (D:2)
  5 frilled lizards (D:1)
  10 kobolds
  4 rats
57 creatures vanquished.

Notes
Turn   | Place    | Note
-------+----------+-------------------------------------------
     0 | D:1      | smrkl the Hill Orc Berserker began the quest for the Orb.
     0 | D:1      | Reached XP level 1. HP: 19/19 MP: 1/1
   246 | D:1      | Reached XP level 2. HP: 21/27 MP: 2/2
   583 | D:1      | Found a glowing golden altar of the Shining One.
   896 | D:1      | Reached XP level 3. HP: 34/34 MP: 3/3
  1358 | D:2      | Reached ** piety under Trog
  1472 | D:2      | Reached skill level 5 in Fighting
  1602 | D:2      | Reached XP level 4. HP: 38/42 MP: 4/4
  1849 | D:2      | Reached skill level 5 in Axes
  2138 | D:2      | Found a shadowy altar of Dithmenos.
  2138 | D:2      | Found a sacrificial altar of Ru.
  2230 | D:3      | Killed from afar by an orc wizard

Illustrated notes

Levels and vault maps discovered:
D:1:      lemuel_arrival_room, layout_basic, tso_altar
D:2:      layout_rooms, gammafunk_temple_overflow_elements
D:3:      layout_rooms, uniq_sigmund

Skill      XL: |  1  2  3  4 |
---------------+-------------+-----
Fighting       | 4 5 |  5.6
Axes           | 5 |  5.2
Armour         | |  2.1
Dodging        | |  1.5

Action                   |  1- 3 |  4- 6 || total
-------------------------+-------+-------++-------
Melee: Hand axe          |   105 |    58 ||   163
Invok: Berserk           |       |     1 ||     1
  Use: Scroll            |     1 |       ||     1
  Eat: Chunk             |     2 |     2 ||     4
Armor: Animal skin       |     4 |       ||     4
       Leather armour    |     9 |       ||     9
       Scale mail        |    16 |    17 ||    33
Dodge: Dodged            |    69 |    35 ||   104
